 Dungeon Crawl Stone Soup version 0.29-a0-830-gcb1280458a (webtiles) character file.

Game seed: 9145275227244403728

12786 Pooter the Cleaver (level 11, -5/148 HPs)
             Began as a Minotaur Monk on July 11, 2022.
             Was a Follower of Trog.
             Slain by a minotaur
             ... wielding a +0 long sword
              (28 damage)
             ... in a Gauntlet.
             The game lasted 01:12:01 (11579 turns).

Pooter the Cleaver (Minotaur Monk)                 Turns: 11579, Time: 01:12:01

Health: -5/148     AC: 21    Str: 20    XL:     11   Next: 67%
Magic:  10/10      EV:  9    Int: 10    God:    Trog [*.....]
Gold:   671        SH:  8    Dex: 13    Spells: 10/10 levels left

rFire   . . .      SeeInvis .   a - +4 war axe (flame)
rCold   + . .      Faith    .   K - +0 kite shield
rNeg    + . .      Spirit   .   E - +4 plate armour
rPois   .          Reflect  .   (helmet restricted)
rElec   .          Harm     .   T - +2 cloak of Sunlight {+Blink rC+ Int+3}
rCorr   +          Rampage  .   h - +0 pair of gloves
Will    .....      NoTele   +   m - +0 pair of boots
Stlth   ..........              (no amulet)
HPRegen 0.34/turn               r - ring of the Will of the Gods {Fly rN+ rCorr EV+4}
MPRegen 0.12/turn               U - +4 ring of slaying

@: berserking (expiring), flying, invisible, very quick
A: horns 2, retaliatory headbutt
a: Renounce Religion, Evoke Blink, Berserk


You were in a Gauntlet.
You worshipped Trog.
Trog was aware of your devotion.
You visited 2 branches of the dungeon, and saw 12 of its levels.
You also visited: Gauntlet.

You collected 671 gold pieces.

Inventory:

Hand Weapons
 a - a +4 war axe of flaming (weapon)
   (You took it off an orc on level 6 of the Dungeon)
 b - a +0 arbalest
   (You took it off an orc warrior on level 10 of the Dungeon)
 I - a +0 battleaxe
   (You found it on level 8 of the Dungeon)
 M - a +4 spear of freezing
   (You took it off a wight on level 9 of the Dungeon)
 O - a +0 sling of flaming
   (You found it on level 1 of the Dungeon)
 P - a +0 broad axe
   (You took it off an orc warrior on level 10 of the Dungeon)
Missiles
 o - 3 boomerangs (quivered)
 x - 12 poisoned darts
 D - 10 atropa-tipped darts
 G - a throwing net {!f}
 J - a curare-tipped dart
 Q - 52 stones
 R - 4 javelins
Armour
 h - a +0 pair of gloves (worn)
   (You found it on level 1 of the Dungeon)
 m - a +0 pair of boots (worn)
   (You found it on level 2 of the Dungeon)
 E - a +4 plate armour (worn)
   (You found it on level 6 of the Dungeon)
 K - a +0 kite shield (worn)
   (You took it off a gnoll sergeant on level 9 of the Dungeon)
 T - the +2 cloak of Sunlight (worn) {+Blink rC+ Int+3}
   (You found it in a Gauntlet)

   Int:       It affects your intelligence (+3).
   rC:        It protects you from cold.
   +Blink:    It lets you blink.
Jewellery
 l - a ring of willpower
   (You found it on level 2 of the Dungeon)
 r - the ring of the Will of the Gods (left hand) {Fly rN+ rCorr EV+4}
   (You acquired it on level 1 of the Dungeon)

   [ring of evasion]

   EV:        It affects your evasion (+4).
   rN:        It protects you from negative energy.
   Fly:       It grants you flight.
   rCorr:     It protects you from acid and corrosion.
 N - a ring of positive energy
   (You found it on level 8 of the Dungeon)
 S - a ring of see invisible
   (You found it in a Gauntlet)
 U - a +4 ring of slaying (right hand)
   (You found it in a Gauntlet)
Wands
 f - a wand of flame (30)
   (You found it on level 10 of the Dungeon)
 g - a wand of mindburst (6)
   (You found it on level 6 of the Dungeon)
 u - a wand of paralysis (6)
   (You took it off Maurice on level 8 of the Dungeon)
 A - a wand of polymorph (2)
   (You found it on level 5 of the Dungeon)
 V - a wand of roots (6)
   (You found it in a Gauntlet)
Scrolls
 e - 2 scrolls of immolation {unknown}
 i - a scroll of blinking
 j - 2 scrolls of fog
 p - a scroll of noise {!r}
 q - 7 scrolls of teleportation {unknown}
 s - a scroll of summoning {unknown}
 y - 2 scrolls of fear
 B - 2 scrolls of poison {unknown}
 L - a scroll of magic mapping
Potions
 c - 2 potions of ambrosia
 d - a potion of heal wounds {unknown}
 k - a potion of flight {unknown}
 n - a potion of curing {@q1}
 t - a potion of mutation {unknown}
 v - 4 potions of lignification {!q}
 w - a potion of invisibility
 z - a potion of cancellation {unknown}
 C - 2 potions of degeneration {unknown}
 F - 4 potions of attraction {!q}
 H - a potion of resistance {unknown}


   Skills:
 + Level 9.8 Fighting
 * Level 13.2(13.3) Axes
 - Level 2.6(8.9) Polearms
 * Level 8.7 Ranged Weapons
 + Level 2.2 Throwing
 - Level 4.8 Armour
 - Level 3.2 Dodging
 - Level 6.7 Stealth
 - Level 2.6 Shields
 + Level 5.2 Evocations


You had 10 spell levels left.
You didn't know any spells.
Your spell library contained the following spells:

 Spells                   Type           Power      Damage    Failure   Level
 Poisonous Vapours        Pois/Air       0%         N/A       100%        2
 Corpse Rot               Necr/Pois/Air  0%         N/A       100%        4


Dungeon Overview and Level Annotations

Branches:
Dungeon (11/15)            Temple (1/1) D:6            Lair (0/6) D:11
Gauntlet (1/1)
    Orc: D:9-12

Altars:
Hepliaklqana
Nemelex Xobeh
Ru
Trog
Uskayaw

Annotations:
D:7 1 runed translucent door, Crazy Yiuf
D:10 1 runed translucent door, zhov's ghost, journeyman FoHu Gauntlet 6 transporters, exclusion: ice statue


Innate Abilities, Weirdness & Mutations

You have a pair of horns on your head.
You reflexively headbutt those who attack you in melee.


Message History

The orange demon screeches!
Okay, then.
Found a scroll of noise.
You fade into invisibility!
Your skin crawls.
You feel strong-willed.
You can no longer call upon Trog for regeneration and willpower.
You start putting on your armour.
You continue putting on your +0 kite shield. x4
You finish putting on your +0 kite shield.
You reach down and open the door.
You feel the effects of Trog's Hand fading.
Found a piece from Xom's chessboard (15/15).
Found a gate leading back out of this place.
A minotaur comes into view.
It is wielding a +0 long sword and wearing the +3 buckler of the Damp God {Dex+3}.
There is an open door here.
The minotaur drinks a potion.
The minotaur seems to grow stronger.
The minotaur throws a javelin.
The javelin pierces through you but does no damage.
The minotaur blocks your attack.
You headbutt the minotaur, but do no damage.
The minotaur barely misses you. You furiously retaliate!
You headbutt the minotaur, but do no damage.
The minotaur gores you!!
You barely miss the minotaur. You headbutt the minotaur.
The minotaur closely misses you. The minotaur completely misses you.
You strike the helpless minotaur from behind!
You hit the minotaur but do no damage.
Your skin stops crawling.
You feel less strong-willed.
The minotaur hits you with a +0 long sword!!!
* * * LOW HITPOINT WARNING * * *
You block the minotaur's attack.
A red film seems to cover your vision as you go berserk!
You feel yourself moving faster!
You feel mighty!
The minotaur hits you with a +0 long sword!!!
* * * LOW HITPOINT WARNING * * *
The minotaur closely misses you.
You closely miss the minotaur. You hit the minotaur. You burn the minotaur.
You headbutt the minotaur!
The minotaur hits you with a +0 long sword.
* * * LOW HITPOINT WARNING * * *
The minotaur gores you but does no damage.
The minotaur blocks your attack.
Your headbutt misses the minotaur. You slice the minotaur!!
You burn the minotaur. Your headbutt misses the minotaur.
You block the minotaur's attack. The minotaur barely misses you.
You catch the helpless minotaur completely off-guard!
You hit the minotaur. You burn the minotaur.
The minotaur hits you with a +0 long sword!!
You die...

### #.# ##'###
#.⌠..# #.H.⌠+
+⌠@..# #..∩.#
##.###
#######'######
#.............#
#.###.###.###.#
#.............#
###.###.###.##
###.###.###.####


You could see a minotaur (strong, unable to see you).

Vanquished Creatures
  A boulder beetle (D:11)
  A catoblepas (Gauntlet)
  3 two-headed ogres
  A death drake (Gauntlet)
  Pikel (D:8)
  A centaur zombie (Gauntlet)
  A manticore (D:9)
  Joseph (D:7)
  Maurice (D:8)
  A gargoyle (Gauntlet)
  An unseen horror (D:11)
  A troll (D:10)
  A hornet (D:7)
  3 slime creatures (D:8)
  Prince Ribbit (D:7)
  Sigmund (D:2)
  9 yaks
  A water moccasin (D:6)
  2 acid dragons
  2 orc warriors
  Duvessa (D:5)
  7 black bears
  3 sky beasts
  3 ogres
  A lemure (D:8)
  A phantom (D:5)
  2 centaurs
  2 kobold brigands (D:8)
  A necrophage (D:6)
  3 bullfrogs
  A scorpion (D:4)
  A gnoll sergeant (D:9)
  9 wights
  Dowan (D:5)
  5 killer bees (D:10)
  6 howler monkeys
  2 hounds
  2 jellies
  7 orc priests
  A boggart zombie (Gauntlet)
  Terence (D:2)
  3 iguanas
  6 orc wizards
  Natasha (twice) (D:2)
  7 gnolls
  5 adders
  A shadow imp (D:7)
  3 white imps (D:6)
  2 worms
  33 orcs
  11 ball pythons
  3 bats (D:1)
  7 endoplasms
  2 giant cockroaches
  10 goblins
  9 hobgoblins
  13 jackals
  11 kobolds
  2 quokkas
  5 frilled lizards
  5 rats (D:1)
234 creatures vanquished.

Vanquished Creatures (others)
  An orc wizard (D:9)
  12 fungi
  36 plants
  3 withered plants (Gauntlet)
52 creatures vanquished.

Grand Total: 286 creatures vanquished

Notes
Turn   | Place    | Note
-------+----------+-------------------------------------------
     0 | D:1      | Pooter the Minotaur Monk began the quest for the Orb.
     0 | D:1      | Reached XP level 1. HP: 19/19 MP: 0/0
   262 | D:1      | Reached skill level 4 in Axes
   354 | D:1      | Noticed a shining eye
   357 | D:1      | Reached XP level 2. HP: 26/27 MP: 1/1
   365 | D:1      | Found a faded altar of an unknown god.
   368 | D:1      | Noticed a great orb of eyes
   368 | D:1      | Noticed a great orb of eyes
   368 | D:1      | Noticed a great orb of eyes
   744 | D:1      | Reached XP level 3. HP: 31/33 MP: 2/2
   816 | D:1      | Identified a scroll of acquirement
   817 | D:1      | Acquired the ring of the Will of the Gods {Fly rN+ rCorr
                  | EV+4}
  1225 | D:2      | Noticed Natasha
  1235 | D:2      | Killed Natasha
  1236 | D:2      | Reached skill level 1 in Ranged Weapons
  1358 | D:2      | Reached XP level 4. HP: 39/40 MP: 3/3
  1441 | D:2      | Noticed Sigmund
  1464 | D:2      | Killed Sigmund
  1465 | D:2      | Reached skill level 5 in Axes
  1465 | D:2      | Reached XP level 5. HP: 32/47 MP: 4/4
  1856 | D:2      | Noticed Natasha
  1866 | D:2      | Killed Natasha
  1867 | D:2      | Reached skill level 6 in Axes
  1867 | D:2      | Reached XP level 6. HP: 51/55 MP: 5/5
  2275 | D:2      | Noticed Terence
  2288 | D:2      | Killed Terence
  2289 | D:2      | Reached skill level 5 in Fighting
  3140 | D:4      | Reached skill level 1 in Polearms
  3319 | D:4      | Reached XP level 7. HP: 61/61 MP: 6/6
  3561 | D:4      | Reached skill level 7 in Axes
  3821 | D:4      | You are sucked into a shaft and drop 2 floors!
  3833 | D:6      | Found a staircase to the Ecumenical Temple.
  3840 | Temple   | Entered the Ecumenical Temple
  3893 | Temple   | Became a worshipper of Trog the Wrathful
  3893 | Temple   | Reached * piety under Trog
  3893 | Temple   | Reached ** piety under Trog
  4024 | D:5      | Entered Level 5 of the Dungeon
  4726 | D:4      | Reached XP level 8. HP: 70/70 MP: 7/7
  4819 | D:5      | Reached skill level 8 in Axes
  4921 | D:5      | Noticed Duvessa
  4931 | D:5      | Killed Duvessa
  4933 | D:5      | Noticed Dowan
  4938 | D:5      | Killed Dowan
  5065 | D:5      | Identified the +2 robe "Lireudde" {Fly rElec rF-}
  6046 | D:6      | Reached skill level 9 in Axes
  6066 | D:6      | Reached skill level 5 in Ranged Weapons
  6066 | D:6      | Reached skill level 1 in Evocations
  6308 | D:6      | Reached XP level 9. HP: 79/79 MP: 8/8
  6779 | D:7      | Found a runed translucent door.
  6780 | D:7      | Noticed Crazy Yiuf
  6834 | D:7      | Paralysed by a hornet for 3 turns
  6845 | D:7      | Reached skill level 1 in Armour
  6845 | D:7      | Reached skill level 5 in Stealth
  7038 | D:7      | Noticed Joseph
  7058 | D:7      | Killed Joseph
  7059 | D:7      | Reached skill level 10 in Axes
  7182 | D:7      | Noticed Prince Ribbit
  7190 | D:7      | Killed Prince Ribbit
  7207 | D:7      | Found a faded altar of an unknown god.
  7851 | D:8      | Noticed Pikel
  7860 | D:8      | Killed Pikel
  7861 | D:8      | Reached XP level 10. HP: 88/88 MP: 9/9
  7987 | D:8      | Noticed Maurice
  7996 | D:8      | Reached skill level 11 in Axes
  8006 | D:8      | Killed Maurice
  8241 | D:8      | Noticed a two-headed ogre
  8249 | D:8      | Killed a two-headed ogre
  8866 | D:9      | Noticed a two-headed ogre
  8957 | D:8      | Killed a two-headed ogre
  9265 | D:9      | Noticed a manticore
  9284 | D:9      | Killed a manticore
  9285 | D:9      | Reached skill level 12 in Axes
  9285 | D:9      | Reached skill level 1 in Shields
  9545 | D:9      | Reached XP level 11. HP: 97/97 MP: 10/10
  9718 | D:10     | Entered Level 10 of the Dungeon
  9718 | D:10     | Noticed a two-headed ogre
  9938 | D:10     | Noticed zhov's ghost (journeyman FoHu)
  9942 | D:10     | Found a runed translucent door.
  9965 | D:10     | Killed a two-headed ogre
 10141 | D:10     | Upgraded the game from 0.29-a0-824-gd827844252 to
                  | 0.29-a0-830-gcb1280458a
 10636 | D:10     | Found a hazy altar of Hepliaklqana.
 10637 | D:10     | Found a hide-covered altar of Uskayaw.
 10728 | D:11     | Noticed a boulder beetle
 10754 | D:11     | Reached skill level 1 in Throwing
 10760 | D:11     | Killed a boulder beetle
 10761 | D:11     | Reached skill level 5 in Evocations
 10807 | D:11     | Found a gate leading to a gauntlet.
 10816 | Gauntlet | Entered a Gauntlet
 10816 | Gauntlet | Found a transporter.
 10831 | Gauntlet | Noticed a catoblepas
 10937 | Gauntlet | Found a transporter.
 10969 | Gauntlet | Found a transporter.
 10991 | Gauntlet | Killed a catoblepas
 10998 | Gauntlet | Reached skill level 13 in Axes
 11125 | Gauntlet | Found a transporter.
 11126 | Gauntlet | Found a transporter.
 11136 | Gauntlet | Found a transporter.
 11138 | Gauntlet | Found a transporter.
 11142 | Gauntlet | Found a transporter.
 11146 | Gauntlet | Identified the +2 cloak of Sunlight {+Blink rC+ Int+3}
 11148 | Gauntlet | Noticed a green death
 11182 | Gauntlet | Found a transporter.
 11198 | Gauntlet | Found a transporter.
 11208 | Gauntlet | Noticed a death drake
 11217 | Gauntlet | Found a transporter.
 11222 | Gauntlet | Killed a death drake
 11249 | Gauntlet | Found a transporter.
 11567 | Gauntlet | Identified the +3 buckler of the Damp God {Dex+3}
 11567 | Gauntlet | Noticed a minotaur
 11579 | Gauntlet | Slain by a minotaur

Illustrated notes

Levels and vault maps discovered:
D:1:      kilobyte_arrival_exit_the_forest, layout_basic,
          hellmonk_ecumenical_altar_watching_god, chequers_avenue, minivault_19
D:2:      layout_loops_corners, uniq_sigmund, uniq_terence, uniq_natasha
D:3:      mumra_celtic_spiral_tile, layout_basic, st_stairs_7, glass_columns_b,
          chequers_serial_rivers_micro_e
D:4:      layout_basic
D:5:      layout_layer_cave, serial_bayou, serial_bayou_ford_a,
          serial_bayou_shore_b, serial_bayou_pond_b, serial_bayou_lagoon_a,
          uniq_duvessa
D:6:      layout_gridville, minmay_temple_entry_crystal_x
D:7:      layout_cave_pools, serial_column_ruins, column_ruins_temple_circle,
          column_ruins_grid_1, column_ruins_grid_1, column_ruins_open_large,
          uniq_prince_ribbit1, uniq_crazy_yiuf_cottage, uniq_joseph
D:8:      layout_basic, uniq_pikel, uniq_maurice
D:9:      layout_gridville
D:10:     layout_roguey, mainiacjoe_overflow_divided_tiny,
          hellmonk_ghost_happy_afterlife, nicolae_fountain_basement
D:11:     layout_irregular_city, due_lair_maze_entry_diamond,
          gauntlet_entry_generic, portal_ice_cave_entry_pillars_1
Temple:   mainiacjoe_temple_big_plus
Gauntlet: gammafunk_gauntlet_one_two_three [nicolae_gauntlet_arena_quarters,
          gammafunk_gauntlet_arena_hedges, gammafunk_gauntlet_arena_corners,
          gammafunk_gauntlet_arena_crates,
          gammafunk_gauntlet_arena_arrow_garden, nicolae_gauntlet_arena_t_cross,
          gammafunk_gauntlet_arena_mazey, gammafunk_gauntlet_arena_teeth,
          nicolae_gauntlet_swirl, gauntlet_exit_hidden_loot]

Skill      XL: |  1  2  3  4  5  6  7  8  9 10 11 |
---------------+----------------------------------+-----
Axes           | 4 5 6 7 9 10 12 13 | 13.2
Stealth        | 2 3 4 5 6 |  6.7
Fighting       | 4 5 6 7 8 9 |  9.8
Ranged Weapons | 1 2 3 4 5 6 7 8 |  8.7
Polearms       | 1 2 |  2.6
Evocations     | 1 3 4 5 |  5.2
Armour         | 3 4 |  4.8
Shields        | 1 2 |  2.6
Throwing       | 2 |  2.2
Dodging        | |  3.2

Action                   |  1- 3 |  4- 6 |  7- 9 | 10-12 || total
-------------------------+-------+-------+-------+-------++-------
Melee: Hand axe          |    54 |    18 |       |       ||    72
       Headbutt          |     7 |    17 |    33 |    58 ||   115
       Halberd           |       |    47 |    26 |       ||    73
       War axe           |       |       |   161 |   183 ||   344
       Punch             |       |       |     2 |       ||     2
       Battleaxe         |       |       |       |    33 ||    33
 Fire: Sling             |    28 |    70 |   106 |    40 ||   244
       Arbalest          |       |       |       |     3 ||     3
Throw: Stone             |     2 |       |       |     2 ||     4
       Dart              |       |       |     1 |     2 ||     3
       Boomerang         |       |       |       |     2 ||     2
Invok: Berserk           |       |       |     9 |     9 ||    18
       Trog's Hand       |       |       |     8 |    11 ||    19
Evoke: Wand              |       |       |       |     8 ||     8
  Use: Scroll            |     4 |     6 |    11 |     5 ||    26
       Potion            |       |     1 |       |     2 ||     3
 Stab: Sleeping          |     1 |       |       |       ||     1
       Invisible         |       |       |       |     3 ||     3
       Paralysed         |       |       |       |     4 ||     4
Armor: Robe              |    13 |       |       |       ||    13
       Chain mail        |     5 |    39 |    73 |       ||   117
       Plate armour      |       |       |    44 |   133 ||   177
Dodge: Dodged            |    37 |    52 |   114 |    94 ||   297
Block: Kite shield       |       |       |       |    41 ||    41

Table legend: (Time is in decaauts)
 A = Elapsed time spent in this place.
 B = Non-inter-level travel time spent in this place.
 C = Inter-level travel time spent in this place.
 D = Time resting spent in this place.
 E = Time spent auto-exploring this place.
 F = Levels seen in this place.
 G = Mean time per level.
                   A        B        C        D        E       F      G
               +--------+--------+--------+--------+--------+-----+--------+
         Total |  11883 |  11623 |    260 |   2628 |   6741 |  13 |  914.1 |
       Dungeon |  11008 |  10785 |    223 |   2208 |   6538 |  11 | 1000.7 |
        Temple |     91 |     54 |     37 |      0 |     45 |   1 |   91.0 |
      Gauntlet |    783 |    783 |      0 |    420 |    158 |   1 |  783.0 |
               +--------+--------+--------+--------+--------+-----+--------+

Top non-repeatable levels by time:
     D:8: 1503 daAuts
     D:4: 1482 daAuts
     D:2: 1243 daAuts
     D:1: 1204 daAuts
     D:5: 1131 daAuts
     D:6: 1023 daAuts
    D:10: 970 daAuts
     D:7: 847 daAuts
Gauntlet: 783 daAuts
     D:3: 756 daAuts
     D:9: 750 daAuts
    D:11: 95 daAuts
  Temple: 91 daAuts
